Map: Lightshade LE

Players

Seither

  • Race: Terran Terran

Raza - Winner!

  • Race: Terran Terran

Event: DreamHack SC2 Masters 2021 Winter

VOD

Have the link to the VOD?

Description

Time

  • Played on: Oct. 1, 2021, 5:34 a.m.
  • Length: 8:10

All games in this series

Show
View Real Time Build Order
Export as new Build Order

Seither Terran 

Build Orders: Cyclone Opening 

Get SALT Encoding   

  12  0:00  SCV  
  13  0:12  SCV  
  14  0:17  Supply Depot  
  14  0:24  SCV  
  15  0:39  SCV  
  15  0:40  Barracks  
  16  0:44  Refinery  
  16  0:51  SCV  
  16  0:54  Refinery  
  17  1:03  SCV  
  18  1:15  SCV  
  19  1:27  Orbital Command  
  19  1:28  Supply Depot, Reaper  
  20  1:43  Factory  
  20  1:53  SCV  
  21  2:00  Reaper  
  22  2:05  SCV  
  23  2:17  SCV  
  23  2:22  Command Center  
  24  2:26  Factory Tech Lab  
  24  2:29  SCV  
  25  2:31  Supply Depot  
  25  2:33  Barracks Reactor  
  25  2:41  SCV  
  26  2:48  Cyclone  
  29  2:54  SCV  
  29  3:06  SCV  
  29  3:10  Marine  
  29  3:11  Marine  
  31  3:13  Starport  
  31  3:18  SCV  
  32  3:23  Cyclone  
  32  3:26  Supply Depot  
  35  3:30  SCV  
  35  3:32  Marine x2  
  33  3:48  Orbital Command  
  33  3:49  Marine  
  33  3:50  Marine  
  33  3:54  SCV  
  34  3:57  Medivac  
  36  4:06  SCV, Siege Tank  
  36  4:08  Marine x2  
  42  4:15  SCV  
  42  4:16  Refinery  
  43  4:18  SCV  
  44  4:26  Marine x2  
  44  4:27  SCV  
  44  4:29  Starport Tech Lab  
  44  4:31  SCV  
  47  4:39  SCV  
  47  4:43  SCV  
  49  4:46  Marine x2  
  49  4:51  SCV  
  52  4:53  Raven  
  52  4:55  SCV  
  52  4:57  Command Center  
  52  4:58  Supply Depot  
  55  5:03  Marine x2, SCV, Siege Tank  
  61  5:07  SCV  
  61  5:10  Refinery  
  62  5:19  Supply Depot, SCV x2  
  64  5:21  Marine x2  
  64  5:32  SCV x2  
  63  5:36  Siege Tank  
  63  5:39  Marine x2  
  68  5:43  Supply Depot  
  68  5:44  SCV x2  
  68  5:45  Raven  
  72  5:56  SCV x2  
  74  5:58  Barracks x2  
  74  6:04  Marine  
  74  6:05  Marine  
  74  6:08  SCV x2, Siege Tank  
  74  6:09  Supply Depot  
  74  6:10  Orbital Command  
  81  6:24  Engineering Bay  
  81  6:25  SCV x2  
  83  6:27  Engineering Bay  
  83  6:30  Supply Depot  
  83  6:38  Orbital Command  
  83  6:40  SCV x2  
  83  6:42  Siege Tank  
  88  6:48  Viking x2  
  88  6:49  Barracks Reactor x2  
  88  6:52  SCV x2  
  88  6:53  Supply Depot, Marine  
  94  7:07  SCV x2  
  90  7:09  Orbital Command  
  90  7:12  Marine  
  66  7:16  Siege Tank  
  66  7:18  Viking x2  
  66  7:19  SCV  
  66  7:20  SCV  
  73  7:30  Marine  
  73  7:32  Marine x2  
  73  7:35  SCV x2  
  56  7:47  SCV  
Show
View Real Time Build Order
Export as new Build Order

Raza Terran - Winner!

Build Orders:  

Get SALT Encoding   

  12  0:00  SCV  
  13  0:12  SCV  
  14  0:17  Supply Depot  
  14  0:25  SCV  
  15  0:39  SCV  
  15  0:41  Barracks  
  16  0:45  Refinery  
  16  0:51  SCV  
  16  0:54  Refinery  
  17  1:03  SCV  
  18  1:15  SCV  
  19  1:28  Reaper  
  19  1:29  Orbital Command  
  19  1:31  Supply Depot  
  20  1:42  Factory  
  20  1:54  SCV  
  20  2:00  Reaper  
  22  2:07  SCV  
  23  2:19  SCV  
  24  2:24  Command Center  
  24  2:27  Hellion  
  26  2:31  SCV  
  26  2:33  Reaper  
  26  2:36  Supply Depot  
  28  2:43  SCV  
  29  2:48  Hellion  
  31  2:55  Starport  
  30  3:09  Barracks Reactor  
  30  3:10  Factory Tech Lab  
  30  3:12  SCV  
  31  3:24  SCV  
  31  3:25  Refinery  
  32  3:29  Cyclone  
  32  3:32  Starport Tech Lab  
  35  3:36  SCV  
  35  3:45  Marine  
  35  3:47  SCV, Marine  
  36  3:48  SCV  
  35  3:58  Raven  
  35  4:00  SCV  
  35  4:02  Orbital Command  
  37  4:03  Marine  
  37  4:05  Marine  
  39  4:12  SCV  
  39  4:14  Siege Tank  
  43  4:21  Marine  
  43  4:23  Marine  
  45  4:24  SCV  
  45  4:27  Supply Depot  
  45  4:28  SCV  
  47  4:37  SCV  
  48  4:40  SCV  
  48  4:41  Marine  
  48  4:42  Marine  
  48  4:43  Raven  
  49  4:49  SCV  
  50  4:53  SCV, Siege Tank  
  50  4:58  Supply Depot  
  54  5:00  Marine x2  
  54  5:01  SCV  
  54  5:05  SCV  
  58  5:09  Command Center  
  58  5:13  SCV  
  58  5:25  SCV  
  58  5:26  Siege Tank  
  60  5:38  SCV x2  
  62  5:44  Viking x2  
  62  5:45  Marine  
  62  5:49  Barracks x2  
  67  5:50  Supply Depot, SCV  
  67  5:56  SCV  
  69  6:00  Siege Tank  
  69  6:01  Stimpack  
  69  6:04  SCV  
  73  6:09  SCV  
  74  6:12  Refinery  
  74  6:14  Viking  
  74  6:16  Viking  
  78  6:20  SCV  
  78  6:21  Marine  
  78  6:23  SCV  
  81  6:26  Orbital Command  
  81  6:32  SCV  
  82  6:35  Siege Tank  
  82  6:38  SCV  
  86  6:44  SCV  
  87  6:52  SCV  
  88  6:54  Engineering Bay x2, Viking  
  88  6:56  Viking  
  88  6:58  SCV  
  88  6:59  Orbital Command  
  89  7:09  Siege Tank  
  84  7:15  SCV  
  84  7:17  SCV  
  84  7:19  Barracks Reactor, Marine  
  84  7:20  Marine  
  88  7:24  Viking  
  88  7:28  SCV  
  87  7:33  SCV  
  82  7:38  Barracks  
  82  7:39  Barracks  
  87  7:44  SCV  
  87  7:48  SCV  

Tags
 
Add a new tag
Caveats
  • Supply blocks, unpowered buildings, or Contaminate may cause inaccurate times.
  • Supply counts are checked every 10 seconds.